 Dungeon Crawl Stone Soup version 0.29.1-1-gd02db6906a (webtiles) character file.

Game seed: 9073615665702929719

105799 sleeves the Impaler (level 16, -11/122 HPs)
             Began as a Merfolk Necromancer on Sept 25, 2022.
             Was the Champion of Okawaru.
             Mangled by a minotaur
             ... wielding a +4 vorpal flail
              (20 damage)
             ... on level 4 of the Shoals.
             The game lasted 01:37:18 (28930 turns).

sleeves the Impaler (Merfolk Necromancer)          Turns: 28930, Time: 01:37:19

Health: -11/122    AC: 24    Str: 12    XL:     16   Next: 42%
Magic:  33/33      EV: 15    Int: 15    God:    Okawaru [******]
Gold:   1169       SH: 21    Dex: 14    Spells: 5/19 levels left

rFire   . . .      SeeInvis +   x - +2 demon trident (drain) {god gift}
rCold   + + +      Faith    .   O - +2 kite shield {AC+3} {god gift}
rNeg    + . .      Spirit   .   A - +1 ring mail of Terror {Regen+ Slay+2}
rPois   .          Reflect  +   U - +1 helmet of Oliececs {god gift, Contam rC+ Regen+ Str+3}
rElec   +          Harm     .   C - +2 cloak
rCorr   .          Rampage  .   j - +0 pair of gloves of Asocatec {rElec rC++ Str-4 SInv}
Will    +....                   E - +0 pair of boots
Stlth   +++++++...              V - amulet of reflection
HPRegen 1.90/turn               y - ring of Darkness {rN+ MP+9 Str-3 Slay+2 Stlth+}
MPRegen 0.23/turn               t - +4 ring of protection

@: afraid, heroic, mesmerised
A: (nimble swimmer 2), mertail
a: Renounce Religion, Heroism, Finesse, Duel


You were on level 4 of the Shoals.
You worshipped Okawaru.
Okawaru was exalted by your worship.
You visited 5 branches of the dungeon, and saw 25 of its levels.
You also visited: Sewer, Ossuary, Ice Cave and Volcano.

You collected 1829 gold pieces.
You spent 660 gold pieces at shops.

Inventory:

Hand Weapons
 x - a +2 demon trident of draining (weapon) {god gift}
   (Okawaru gifted it to you on level 12 of the Dungeon)
 Q - a +2 glaive of flaming
   (You took it off Maggie on level 10 of the Dungeon)
Missiles
 w - 31 poisoned darts (quivered)
 z - 7 throwing nets
 B - 2 curare-tipped darts
Armour
 j - the +0 pair of gloves of Asocatec (worn) {rElec rC++ Str-4 SInv}
   (You acquired it on level 12 of the Dungeon)

   Str:       It affects your strength (-4).
   rC:        It greatly protects you from cold.
   rElec:     It insulates you from electricity.
   SInv:      It lets you see invisible.
 A - the +1 ring mail of Terror (worn) {Regen+ Slay+2}
   (You found it on level 13 of the Dungeon)

   Slay:      It affects your accuracy & damage with ranged weapons and melee
   (+2).
   Regen:     It increases your rate of health regeneration.
 C - a +2 cloak (worn)
   (You found it on level 1 of the Shoals)
 E - a +0 pair of boots (worn)
   (You found it on level 4 of the Dungeon)
 O - a +2 kite shield of protection (worn) {god gift}
   (Okawaru gifted it to you on level 3 of the Lair of Beasts)
 U - the +1 helmet of Oliececs (worn) {god gift, Contam rC+ Regen+ Str+3}
   (Okawaru gifted it to you on level 1 of the Lair of Beasts)

   Str:       It affects your strength (+3).
   rC:        It protects you from cold.
   Contam:    It causes magical contamination when unequipped.
   Regen:     It increases your rate of health regeneration.
 Z - the +0 chain mail of the Sky {god gift, rElec rPois Str+7 Dex-2}
   (Okawaru gifted it to you on level 5 of the Lair of Beasts)

   Str:       It affects your strength (+7).
   Dex:       It affects your dexterity (-2).
   rElec:     It insulates you from electricity.
   rPois:     It protects you from poison.
Jewellery
 o - a ring of flight
   (You found it on level 5 of the Lair of Beasts)
 q - a ring of positive energy
   (You found it on level 12 of the Dungeon)
 s - the ring "Tulal" {rC+ rN+ Str+3}
   (You found it on level 3 of the Dungeon)

   [ring of protection from cold]

   Str:       It affects your strength (+3).
   rC:        It protects you from cold.
   rN:        It protects you from negative energy.
 t - a +4 ring of protection (right hand)
   (You found it on level 3 of the Dungeon)
 y - the ring of Darkness (left hand) {rN+ MP+9 Str-3 Slay+2 Stlth+}
   (You found it on level 3 of the Dungeon)

   [ring of magical power]

   Str:       It affects your strength (-3).
   Slay:      It affects your accuracy & damage with ranged weapons and melee
   (+2).
   rN:        It protects you from negative energy.
   MP:        It affects your magic capacity (+9).
   Stlth:     It makes you more stealthy.
 G - the ring of Qaost {Fly rPois Will- Int+4 Dex+6}
   (You found it on level 10 of the Dungeon)

   [ring of dexterity]

   Int:       It affects your intelligence (+4).
   Dex:       It affects your dexterity (+6).
   rPois:     It protects you from poison.
   Fly:       It grants you flight.
   Will:      It decreases your willpower.
 M - the ring "Obukhlun" {*Corrode rPois MP+9 Str+3 Dex+3}
   (You found it on level 3 of the Shoals)

   [ring of magical power]

   Str:       It affects your strength (+3).
   Dex:       It affects your dexterity (+3).
   rPois:     It protects you from poison.
   MP:        It affects your magic capacity (+9).
   *Corrode:  It may corrode you when you take damage.
 V - an amulet of reflection (around neck)
   (You found it on level 1 of the Lair of Beasts)
Wands
 R - a wand of roots (18)
   (You took it off a kobold demonologist on level 9 of the Dungeon)
 T - a wand of acid (6)
   (You found it on level 1 of the Lair of Beasts)
 Y - a wand of paralysis (6)
   (You found it on level 5 of the Lair of Beasts)
Scrolls
 c - a scroll of fear
 e - 6 scrolls of enchant weapon
 g - 8 scrolls of teleportation
 h - 2 scrolls of fog
 k - 5 scrolls of poison
 l - a scroll of amnesia
 m - 4 scrolls of immolation
 r - 4 scrolls of silence
 D - 5 scrolls of blinking
 H - 3 scrolls of magic mapping
 I - 2 scrolls of vulnerability
 J - a scroll of torment {unknown}
 N - a scroll of brand weapon {unknown}
 X - 4 scrolls of enchant armour
Potions
 a - 2 potions of might
 b - 2 potions of magic
 d - 2 potions of attraction
 f - 6 potions of flight
 i - 3 potions of resistance
 n - 12 potions of heal wounds
 p - 3 potions of mutation
 u - 4 potions of lignification
 v - 15 potions of curing
 K - a potion of cancellation
 L - 2 potions of brilliance
 S - a potion of haste
 W - 4 potions of berserk rage
Miscellaneous
 P - a phantom mirror
   (You found it on level 4 of the Shoals)


   Skills:
 - Level 10.0(15.0) Fighting
 - Level 16.0(21.0) Polearms
 - Level 5.0(10.0) Armour
 - Level 8.1(13.1) Dodging
 - Level 13.0(18.0) Stealth
 + Level 11.2(16.2) Shields
 - Level 2.0 Spellcasting
 - Level 12.0 Necromancy
 + Level 4.3 Translocations
 + Level 11.5 Invocations


You had 5 spell levels left.
You knew the following spells:

 Your Spells              Type           Power      Damage    Failure   Level
a - Necrotise             Necr           100%       1d9       1%          1
b - Vampiric Draining     Necr           37%        2d8       1%          3
c - Agony                 Necr           37%        N/A       14%         5
d - Passage of Golubria   Tloc           14%        N/A       77%         4
e - Apportation           Tloc           28%        N/A       12%         1

Your spell library contained the following spells:

 Spells                   Type           Power      Damage    Failure   Level
 Sublimation of Blood     Necr           37%        N/A       1%          2
 Gell's Gravitas          Tloc           14%        N/A       36%         3
 Teleport Other           Tloc           14%        N/A       36%         3
 Foxfire                  Conj/Fire      4%         2x1d4     56%         1
 Poisonous Vapours        Pois/Air       2%         N/A       71%         2
 Searing Ray              Conj           2%         2d4       71%         2
 Wereblood                Tmut           1%         N/A       71%         2
 Corpse Rot               Necr/Pois/Air  13%        N/A       80%         4
 Confusing Touch          Hex            1%         N/A       91%         3
 Ozocubu's Armour         Ice            1%         N/A       91%         3
 Blade Hands              Tmut           0%         N/A       100%        5
 Freezing Cloud           Conj/Ice/Air   0%         6-21      100%        5
 Yara's Violent Unravell  Hex/Tmut       0%         3d3       100%        5
 Dispersal                Tloc           7%         N/A       100%        6
 Iron Shot                Conj/Erth      0%         9d1       100%        6
 Enfeeble                 Hex            0%         N/A       100%        7
 Ozocubu's Refrigeration  Ice            0%         4d7       100%        7
 Polar Vortex             Ice            0%         N/A       100%        9
 Animate Dead             Necr           Unusable   N/A       N/A         4
 Summon Small Mammal      Summ           Unusable   N/A       N/A         1
 Tukima's Dance           Hex            Unusable   N/A       N/A         3
 Animate Armour           Summ/Erth      Unusable   N/A       N/A         4
 Summon Hydra             Summ           Unusable   N/A       N/A         7

Dungeon Overview and Level Annotations

Branches:
Dungeon (14/15)            Temple (1/1) D:5            Lair (5/5) D:10
 Shoals (4/4) Lair:2        Snake (0/4) Lair:3        Slime (0/5) Lair:5
    Orc (1/2) D:11         Vaults (0/5) D:14          Sewer (visited)
Ossuary (visited)           IceCv (visited)         Volcano (visited)

Altars:
Ashenzari
Cheibriados
Dithmenos
Elyvilon
Fedhas
Gozag
Hepliaklqana
Makhleb
Nemelex Xobeh
Okawaru
Qazlal
Ru
Sif Muna
Trog
Uskayaw
Vehumet
Wu Jian
Xom
Yredelemnul
Zin
The Shining One
Lugonu

Shops:
D:7 *   Shoals:3 ?

Portals:
Abyss: Shoals:3
Trove: D:11 (give +6 demon trident)

Annotations:
D:6 exclusion: 9 doors
D:8 Gastronok
D:9 exclusion: door
D:10 2 transporters, exclusion: downstairs
D:11 1 runed translucent door, Erolcha; hilljack's ghost, journeyman GrEE
D:12 exclusion: door
D:13 2 transporters, Ugon's ghost, journeyman DECj
Lair:2 exclusion: oklob plant
Lair:3 Rupert
Lair:5 exclusions: obsidian statue and oklob plant
Shoals:1 exclusion: kraken
Shoals:3 1 runed translucent door


Innate Abilities, Weirdness & Mutations

((You are very nimble when in or above water. (Stealth+, EV+, Speed+++)))
Your lower body shifts to a powerful aquatic tail in water.


Message History

Found a stone staircase leading up.
There is a stone staircase leading up here.
A sea snake is nearby!
The helpless sea snake fails to defend itself.
You hit the sea snake. You drain the sea snake.
The sea snake is lightly wounded.
You impale the sea snake!! You drain the sea snake.
The sea snake is heavily wounded.
The sea snake bites you but does no damage.
You barely miss the sea snake.
The sea snake is heavily wounded.
The sea snake bites you!
You puncture the sea snake!
The sea snake is severely wounded.
The sea snake bites you but does no damage.
You miss the sea snake.
The sea snake is severely wounded.
The sea snake bites you but does no damage.
You puncture the sea snake!
The sea snake is almost dead.
You block the sea snake's attack.
You barely miss the sea snake.
The sea snake is almost dead.
You block the sea snake's attack.
You puncture the sea snake!
You kill the sea snake!
Okawaru accepts your kill.
You feel your intelligence returning.
Your Translocations skill increases to level 3!
No target in view!
A wind drake comes into view.
You reach to attack!
The helpless wind drake fails to defend itself.
You puncture the wind drake! You drain the wind drake.
The wind drake is moderately wounded.
You closely miss the wind drake.
The wind drake is moderately wounded.
The wind drake exhales a fierce blast of wind!
You are blown backwards!
Your legs become a tail as you dive into the water.
Your +0 pair of boots melds into your body.
Your +0 pair of boots unmelds from your body.
You hit the wind drake. You drain the wind drake.
The wind drake is moderately wounded.
You block the wind drake's attack.
You hit the wind drake but do no damage.
You drain the wind drake.
The wind drake is heavily wounded.
You puncture the wind drake! You drain the wind drake.
The wind drake is severely wounded.
The wind drake exhales a fierce blast of wind!
You are blown backwards!
Your legs become a tail as you dive into the water.
Your +0 pair of boots melds into your body.
Floosh!
The wind drake flaps its wings at you. The air twists around and strikes you!
You reach to attack!
You hit the wind drake but do no damage.
The wind drake is severely wounded.
You impale the wind drake!!
You kill the wind drake!
Okawaru accepts your kill.
No target in view!
No target in view!
Your +0 pair of boots unmelds from your body.
There is a stone staircase leading up, spattered with blood here.
You open the door.
A merfolk comes into view. It is wielding a +0 trident.
Found 2 poisoned darts.
There is an open door here.
A manticore and a wind drake come into view.
You reach to attack!
The helpless merfolk fails to defend itself.
You spit the merfolk like a pig!!!
The merfolk is almost dead.
The merfolk hits you from afar with a +0 trident!
There is an open door here.
You reach to attack!
You puncture the merfolk!
The merfolk is almost dead.
You block the merfolk's attack.
A manticore comes into view.
You reach to attack!
You closely miss the merfolk.
The merfolk is almost dead.
You reach to attack!
You hit the merfolk. You drain the merfolk.
You kill the merfolk!
Okawaru accepts your kill.
The manticore bites something!!
The manticore claws something! x2
There is an open door here.
Unknown command.
Found a stone staircase leading up.
The manticore bites the plant!!
The manticore claws the plant!
The manticore claws the plant.
The manticore bites the plant!!
The manticore claws the plant! x2
A nearby plant withers and dies.
The manticore bites the plant!
The plant begins to die.
The manticore claws the plant.
The manticore claws the plant!
The manticore bites the plant!
The manticore claws the plant. x2
Reach: x) +2 demon trident (drain) {god gift}
Press: ? - help, Dir - move target, f - manticore
Aim: a manticore (about 19% to evade your +2 demon trident of draining)
The plant is in the way.
You puncture the plant! You drain the plant.
The plant is moderately damaged.
A nearby plant withers and dies.
Reach: x) +2 demon trident (drain) {god gift}
Press: ? - help, Dir - move target, f/p - manticore
Aim: a manticore (about 19% to evade your +2 demon trident of draining)
You barely miss the manticore. You puncture the manticore!
You drain the manticore.
The manticore is moderately wounded.
You block the manticore's attack. The manticore barely misses you.
The manticore claws you but does no damage.
You hit the manticore. You drain the manticore.
The manticore is heavily wounded.
The manticore bites you but does no damage.
You block the manticore's attack. x2
You hit the manticore but do no damage.
The manticore is heavily wounded.
A nearby plant withers and dies.
You block the manticore's attack. The manticore claws you.
You block the manticore's attack.
You puncture the manticore! You drain the manticore.
You kill the manticore!
Okawaru accepts your kill.
No target in view!
Your legs become a tail as you enter the water.
Your +0 pair of boots melds into your body.
You open the large door.
Your +0 pair of boots unmelds from your body.
Your legs become a tail as you enter the water.
Your +0 pair of boots melds into your body.
Your +0 pair of boots unmelds from your body.
Your legs become a tail as you enter the water.
Your +0 pair of boots melds into your body.
You open the door.
Your +0 pair of boots unmelds from your body.
There is an open door here.
Reach: x) +2 demon trident (drain) {god gift}
Press: ? - help, Dir - move target, f - wind drake
Aim: a wind drake (repelling missiles, asleep, about 2% to evade your +2 demon trident of draining)
You reach to attack!
The helpless wind drake fails to defend itself.
You puncture the wind drake! You drain the wind drake.
The wind drake is heavily wounded.
You puncture the wind drake! You drain the wind drake.
The wind drake is severely wounded.
The wind drake flaps its wings at you. The air twists around and strikes you!
The manticore bites you. The manticore barely misses you.
You block the manticore's attack.
You barely miss the wind drake.
The wind drake is severely wounded.
The wind drake bites you. The manticore bites you!! The manticore claws you.
The manticore claws you but does no damage.
You impale the wind drake!!
The wind drake is almost dead.
The wind drake flaps its wings at you. The air twists around and strikes you!
You puncture the wind drake!
You kill the wind drake!
Okawaru accepts your kill. You block the manticore's attack.
The manticore barely misses you. The manticore claws you.
You hit the manticore.
The manticore is lightly wounded.
The manticore bites you! You block the manticore's attack.
The manticore claws you but does no damage.
You hit the manticore.
The manticore is lightly wounded.
The manticore bites you but does no damage.
The manticore claws you but does no damage.
You block the manticore's attack.
You hit the manticore. You drain the manticore.
The manticore is moderately wounded.
You puncture the manticore!
The manticore is severely wounded.
You block the manticore's attack. x2
The manticore claws you but does no damage.
You barely miss the manticore.
The manticore is severely wounded.
The manticore bites you!
* * * LOW HITPOINT WARNING * * *
The manticore claws you but does no damage.
You block the manticore's attack.
You puncture the manticore! You drain the manticore.
The manticore is almost dead.
You puncture the manticore!
You kill the manticore!
Okawaru accepts your kill.
There is an open door here.
Your legs become a tail as you enter the water.
Your +0 pair of boots melds into your body.
You close the door.
You start resting.
HP restored.
You open the door.
Your +0 pair of boots unmelds from your body.
There is an open door here.
w - 32 poisoned darts (gained 2)
Your legs become a tail as you enter the water.
Your +0 pair of boots melds into your body.
Your +0 pair of boots unmelds from your body.
Your legs become a tail as you enter the water.
Your +0 pair of boots melds into your body.
Found a scale mail.
Found a shortbow.
A manticore comes into view.
Found 20 gold pieces.
A satyr comes into view. It is wielding a +0 spear.
Your +0 pair of boots unmelds from your body.
Your legs become a tail as you enter the water.
Your +0 pair of boots melds into your body.
A manticore comes into view.
A water nymph comes into view.
Reach: x) +2 demon trident (drain) {god gift}
Press: ? - help, Dir - move target, f - manticore
Aim: a manticore (asleep, about 2% to evade your +2 demon trident of draining)
You reach to attack!
The helpless manticore fails to defend itself.
You spit the manticore like a pig!!!
The manticore is almost dead.
The manticore flicks its tail.
The volley of spikes reflects off an invisible shield around you!
The volley of spikes hits the manticore!
You kill the manticore!
Okawaru accepts your kill.
Your Invocations skill increases to level 11!
Reach: x) +2 demon trident (drain) {god gift}
Press: ? - help, Dir - move target, f - satyr
Aim: a satyr, wielding a +0 spear (about 30% to evade your +2 demon trident of draining)
You reach to attack!
You closely miss the satyr.
Reach: x) +2 demon trident (drain) {god gift}
Press: ? - help, Dir - move target, f/p - satyr
Aim: a satyr, wielding a +0 spear (about 30% to evade your +2 demon trident of draining)
You reach to attack!
You barely miss the satyr. The satyr closely misses you.
Reach: x) +2 demon trident (drain) {god gift}
Press: ? - help, Dir - move target, f/p - satyr
Aim: a satyr, wielding a +0 spear (about 30% to evade your +2 demon trident of draining)
You reach to attack!
You impale the satyr!!
The satyr is moderately wounded.
The satyr plays a frightful melody on his pipes!
The satyr radiates an aura of fear!
You are terrified of the satyr!
Reach: x) +2 demon trident (drain) {god gift}
Press: ? - help, Dir - move target, f/p - satyr
Aim: a satyr, wielding a +0 spear (moderately wounded, inspiring fear, about 30% to evade your +2 demon trident of draining)
You reach to attack!
You barely miss the satyr.
The satyr is moderately wounded.
Reach: x) +2 demon trident (drain) {god gift}
Press: ? - help, Dir - move target, f/p - satyr
Aim: a satyr, wielding a +0 spear (moderately wounded, inspiring fear, about 30% to evade your +2 demon trident of draining)
You reach to attack!
You attempt to attack the satyr, but flinch away in fear!
The water nymph shouts!
You hear a shout! x2
The satyr unwields a +0 spear.
The satyr wields a +0 longbow.
The satyr shoots an arrow.
You reflect the arrow off an invisible shield around you!
The arrow hits the satyr!!
The water nymph points at you and mumbles some strange words.
The water swirls and strikes you.
Reach: x) +2 demon trident (drain) {god gift}
Press: ? - help, Dir - move target, f/p - satyr
Aim: a satyr, wielding a +0 longbow (severely wounded, inspiring fear, about 30% to evade your +2 demon trident of draining)
You reach to attack!
You attempt to attack the satyr, but flinch away in fear!
The satyr shoots an arrow.
You reflect the arrow off an invisible shield around you!
The arrow barely misses the satyr.
Unknown command.
Reach: x) +2 demon trident (drain) {god gift}
Press: ? - help, Dir - move target, f/p - satyr
Aim: a satyr, wielding a +0 longbow (severely wounded, inspiring fear, about 30% to evade your +2 demon trident of draining)
You reach to attack!
You puncture the satyr! You drain the satyr.
The satyr is almost dead.
A faun comes into view. It is wielding a +0 quarterstaff.
The water nymph casts a spell at you. The water swirls and strikes you!
Reach: x) +2 demon trident (drain) {god gift}
Press: ? - help, Dir - move target, f/p - satyr
Aim: a satyr, wielding a +0 longbow (almost dead, inspiring fear, lightly drained, about 30% to evade your +2 demon trident of draining)
You reach to attack!
You puncture the satyr!
You are no longer terrified.
You kill the satyr!
Okawaru accepts your kill.
Reach: x) +2 demon trident (drain) {god gift}
Press: ? - help, Dir - move target, f - you That would be overly suicidal.
Okay, then.
Found a flail.
Reach: x) +2 demon trident (drain) {god gift}
Press: ? - help, Dir - move target, f - water nymph
Aim: a water nymph (about 32% to evade your +2 demon trident of draining)
You closely miss the water nymph. You block the water nymph's attack.
You barely miss the water nymph.
You tail-slap the water nymph, but do no damage.
You hit the water nymph.
The water nymph is lightly wounded.
You block the water nymph's attack.
You closely miss the water nymph.
The water nymph is lightly wounded.
The water nymph touches you.
A sphinx comes into view.
You gain the combat prowess of a mighty hero.
You reach to attack!
You puncture the water nymph! You drain the water nymph.
The water nymph is almost dead.
You hit the water nymph. You drain the water nymph.
The water nymph is almost dead.
The water nymph points at you and mumbles some strange words.
The water swirls and strikes you.
You closely miss the water nymph. You tail-slap the water nymph.
You kill the water nymph!
Okawaru accepts your kill.
You feel your intelligence returning.
You reach to attack!
You puncture the faun! You drain the faun.
The faun is moderately wounded.
The faun unwields a +0 quarterstaff.
The faun wields a +1 sling of flaming.
It bursts into flame!
The faun shoots a sling bullet.
You reflect the sling bullet off an invisible shield around you!
The sling bullet hits the faun!
The sling bullet burns the faun!
You puncture the sphinx! You drain the sphinx. You tail-slap the sphinx.
The sphinx is moderately wounded.
You barely miss the sphinx. You tail-slap the sphinx.
The sphinx is moderately wounded.
The sphinx casts a spell.
You resist with significant effort.
You puncture the sphinx!
The sphinx is moderately wounded.
You block the sphinx's attack. The sphinx misses you. x2
You impale the sphinx!!
The sphinx is severely wounded.
The sphinx mumbles some strange words.
Something smites you!
You barely miss the sphinx.
You tail-slap the sphinx, but do no damage.
The sphinx is severely wounded.
You barely miss the sphinx. You tail-slap the sphinx.
The sphinx is severely wounded.
You block the sphinx's attack. The sphinx misses you.
You block the sphinx's attack.
You hit the sphinx. You tail-slap the sphinx.
The sphinx is severely wounded.
The sphinx closely misses you. The sphinx hits you.
You block the sphinx's attack.
You puncture the sphinx!
The sphinx is almost dead.
You block the sphinx's attack. x3
You hit the sphinx but do no damage.
The sphinx is almost dead.
You puncture the sphinx!
You kill the sphinx!
Okawaru accepts your kill.
The faun unwields a +1 sling of flaming.
It stops flaming.
The faun wields a +0 quarterstaff.
The faun hits you with a +0 quarterstaff!
You impale the faun!!
You kill the faun!
Okawaru accepts your kill.
You hear a splash. x2
The manticore closely misses you. You block the manticore's attack. x2
You hit the manticore. You drain the manticore.
You tail-slap the manticore, but do no damage.
The manticore is moderately wounded.
You impale the manticore!! You drain the manticore.
The manticore is severely wounded.
You block the manticore's attack. x3
You hit the manticore.
The manticore is almost dead.
The manticore misses you. You block the manticore's attack.
The manticore closely misses you.
You impale the manticore!!
You kill the manticore!
Okawaru accepts your kill.
No target in view!
You open the door.
Your +0 pair of boots unmelds from your body.
There is an open door here.
Found a potion of resistance.
Your legs become a tail as you enter the water.
Your +0 pair of boots melds into your body.
Found two phantom mirrors.
Your +0 pair of boots unmelds from your body.
i - 3 potions of resistance (gained 1)
You see here a phantom mirror.
You can't carry that many items.
Okay, then.
You drop a +1 ring mail of fire resistance.
You see here a phantom mirror.
P - a phantom mirror You drop the +0 leather armour of Hihagin {rC++}.
Your legs become a tail as you enter the water.
Your +0 pair of boots melds into your body.
Your +0 pair of boots unmelds from your body.
Found a potion of curing.
Your legs become a tail as you enter the water.
Your +0 pair of boots melds into your body.
Things that are here:
a +0 quarterstaff; a +1 sling of flaming; a faun corpse Your +0 pair of boots unmelds from your body.
You now have 1169 gold pieces (gained 20).
You feel like a meek peon again.
Things that are here:
a +0 longbow; a +0 spear; a satyr corpse Your legs become a tail as you enter the water.
Your +0 pair of boots melds into your body.
Things that are here:
a +0 quarterstaff; a +1 sling of flaming; a faun corpse Your +0 pair of boots unmelds from your body.
A faun and a harpy come into view.
You see here a +0 scale mail.
Throw: 32 darts (poison)
Press: ? - help, Q - select action, (/) - cycle Shift-Dir - straight line, f - faun
Aim: a faun, wielding a +0 club (asleep, 98% to hit)
You throw a poisoned dart. The poisoned dart hits the faun.
The faun is poisoned.
The faun shouts!
The faun unwields a +0 club.
The faun wields a +0 sling.
The faun shoots a sling bullet.
The sling bullet misses you.
Your legs become a tail as you enter the water.
Your +0 pair of boots melds into your body.
You start waiting.
A faun is nearby!
You hit the faun. You drain the faun. You tail-slap the faun.
The faun is moderately wounded.
You puncture the faun!
Your tail-slap misses the faun.
The faun is heavily wounded.
You puncture the faun! You drain the faun.
The faun is severely wounded.
The faun unwields a +0 sling.
The faun wields a +0 club.
The faun hits you with a +0 club!
You puncture the faun!
You kill the faun!
Okawaru accepts your kill.
You hear a splash. x2
No target in view!
No target in view!
Things that are here:
a +0 club; a +0 sling Your +0 pair of boots unmelds from your body.
A harpy comes into view.
You reach to attack!
You barely miss the harpy.
The harpy screeches! x2
The harpy misses you. The harpy barely misses you.
You barely miss the harpy. The harpy claws you. You block the harpy's attack.
You reach to attack!
You puncture the harpy! You drain the harpy.
The harpy is heavily wounded.
The harpy closely misses you. You block the harpy's attack.
You completely miss the harpy.
The harpy is heavily wounded.
You block the harpy's attack. x2; The harpy claws you but does no damage.
The harpy completely misses you.
You hit the harpy.
The harpy is heavily wounded.
You block the harpy's attack. The harpy misses you.
You impale the harpy!!
The harpy is heavily wounded.
You block the harpy's attack. x3; The harpy claws you but does no damage.
You puncture the harpy! You drain the harpy.
The harpy is almost dead.
You block the harpy's attack. x2; The harpy claws you but does no damage.
The harpy claws you.
You puncture the harpy!
The harpy is severely wounded.
You block the harpy's attack. The harpy completely misses you.
You block the harpy's attack. x2
You hit the harpy. You drain the harpy.
You kill the harpy!
Okawaru accepts your kill. You block the harpy's attack.
The harpy claws you but does no damage.
You reach to attack!
You hit the harpy.
The harpy is almost dead.
You block the harpy's attack. The harpy claws you.
You puncture the harpy!
You kill the harpy!
Okawaru accepts your kill.
No target in view!
w - 32 poisoned darts (gained 1)
Your legs become a tail as you enter the water.
Your +0 pair of boots melds into your body.
Your +0 pair of boots unmelds from your body.
A harpy comes into view.
A merfolk siren comes into view. It is wielding a +0 spear.
A sea snake comes into view.
Your legs become a tail as you enter the water.
Your +0 pair of boots melds into your body.
Your +0 pair of boots unmelds from your body.
Your legs become a tail as you enter the water.
Your +0 pair of boots melds into your body.
Your +0 pair of boots unmelds from your body.
Your legs become a tail as you enter the water.
Your +0 pair of boots melds into your body.
Your +0 pair of boots unmelds from your body.
Found a plate armour.
A sea snake comes into view.
The merfolk siren shouts!
The harpy screeches!
The sea snake hisses angrily.
You start waiting.
The harpy claws you but does no damage. x2
You reach to attack!
You puncture the harpy!
The harpy is moderately wounded.
You block the harpy's attack. x2
You impale the harpy!! You drain the harpy.
The harpy is almost dead.
You block the harpy's attack. The harpy completely misses you.
You puncture the harpy!
You kill the harpy!
Okawaru accepts your kill.
No target in view!
No target in view!
You start waiting.
A sea snake is nearby!
You hit the sea snake.
The sea snake is lightly wounded.
You block the sea snake's attack.
You miss the sea snake.
The sea snake is lightly wounded.
The sea snake bites you but does no damage.
You impale the sea snake!! You drain the sea snake.
The sea snake is heavily wounded.
The sea snake bites you but does no damage.
You closely miss the sea snake.
The sea snake is heavily wounded.
The sea snake bites you but does no damage.
You puncture the sea snake!
The sea snake is severely wounded.
You block the sea snake's attack.
You puncture the sea snake!
The sea snake is almost dead.
You puncture the sea snake!
The sea snake is almost dead.
The sea snake bites you but does no damage.
You hit the sea snake.
You kill the sea snake!
Okawaru accepts your kill.
You closely miss the merfolk siren. The merfolk siren barely misses you.
You puncture the merfolk siren! You drain the merfolk siren.
The merfolk siren is heavily wounded.
The merfolk siren chants a haunting song.
You are mesmerised by the merfolk siren!
You puncture the merfolk siren! You drain the merfolk siren.
The merfolk siren is almost dead.
You puncture the merfolk siren!
You break out of your daze!
You kill the merfolk siren!
Okawaru accepts your kill.
Your Shields skill increases to level 11!
No target in view!
A wind drake comes into view.
The wind drake bites you but does no damage.
Things that are here:
a +0 spear; a merfolk corpse; a sea snake corpse You hit the wind drake but do no damage.
You drain the wind drake.
The wind drake is lightly wounded.
The wind drake exhales a fierce blast of wind!
You are blown backwards!
Your legs become a tail as you dive into the water.
Your +0 pair of boots melds into your body.
Floosh!
You miss the wind drake.
Your tail-slap misses the wind drake.
The wind drake is lightly wounded.
You block the wind drake's attack.
You barely miss the wind drake.
The wind drake is lightly wounded.
You closely miss the wind drake.
Your tail-slap misses the wind drake.
The wind drake is lightly wounded.
You block the wind drake's attack.
You closely miss the wind drake.
The wind drake is lightly wounded.
The wind drake exhales a fierce blast of wind!
You are blown backwards!
Floosh!
You puncture the wind drake!
You tail-slap the wind drake, but do no damage.
The wind drake is moderately wounded.
The wind drake exhales a fierce blast of wind!
You are blown backwards!
Floosh!
You reach to attack!
You closely miss the wind drake.
The wind drake is moderately wounded.
You puncture the wind drake!
The wind drake is moderately wounded.
You block the wind drake's attack.
You closely miss the wind drake.
The wind drake is moderately wounded.
The wind drake flaps its wings at you. The air twists around and strikes you.
You barely miss the wind drake.
The wind drake is moderately wounded.
The wind drake exhales a fierce blast of wind!
You are blown backwards!
Floosh!
You reach to attack!
You puncture the wind drake!
The wind drake is severely wounded.
You reach to attack!
You barely miss the wind drake.
The wind drake is severely wounded.
The wind drake flaps its wings at you. The air twists around and strikes you!
You reach to attack!
The sea snake hisses angrily.
You puncture the wind drake! You drain the wind drake.
The wind drake is almost dead.
You hit the wind drake.
You kill the wind drake!
Okawaru accepts your kill. The sea snake barely misses you.
You closely miss the sea snake. You hit the sea snake. You drain the sea snake.
You tail-slap the sea snake.
The sea snake is lightly wounded.
The sea snake barely misses you.
You impale the sea snake!!
The sea snake is moderately wounded.
You block the sea snake's attack.
You puncture the sea snake! You drain the sea snake.
You tail-slap the sea snake, but do no damage.
The sea snake is severely wounded.
The sea snake closely misses you.
You puncture the sea snake!
Your tail-slap misses the sea snake.
The sea snake is almost dead.
You block the sea snake's attack.
You hit the sea snake.
The sea snake is almost dead.
You block the sea snake's attack.
You impale the sea snake!!
You kill the sea snake!
Okawaru accepts your kill.
Your Translocations skill increases to level 4!
No target in view!
You see here a wind drake corpse.
Your +0 pair of boots unmelds from your body.
Things that are here:
a +0 spear; a merfolk corpse; a sea snake corpse Your legs become a tail as you enter the water.
Your +0 pair of boots melds into your body.
A faun comes into view. It is wielding a +0 quarterstaff.
A faun comes into view. It is wielding a +0 spear.
Throw: 32 darts (poison)
Press: ? - help, Q - select action, (/) - cycle Shift-Dir - straight line, f - faun
Aim: a faun, wielding a +0 quarterstaff (asleep, 98% to hit)
You throw a poisoned dart. The poisoned dart hits the faun.
The faun shouts!
The faun unwields a +0 quarterstaff.
The faun wields a +2 sling of freezing.
It is covered in frost.
The faun shoots a sling bullet.
You reflect the sling bullet off an invisible shield around you!
The sling bullet hits the faun!!
The sling bullet freezes the faun.
Your +0 pair of boots unmelds from your body.
Things that are here:
a +0 spear; a merfolk corpse; a sea snake corpse You start waiting.
A faun is nearby!
The faun unwields a +0 spear.
The faun wields a +1 sling of freezing.
It is covered in frost.
The faun shoots a sling bullet.
You reflect the sling bullet off an invisible shield around you!
The sling bullet hits the faun!!
The sling bullet freezes the faun.
You reach to attack!
You puncture the faun!
The faun is almost dead.
The faun shoots a sling bullet.
The sling bullet hits you.
You reach to attack!
You puncture the faun!
You kill the faun!
Okawaru accepts your kill.
No target in view!
Things that are here:
a +0 spear; a merfolk corpse; a sea snake corpse The faun shoots a sling bullet.
The sling bullet hits you!
You reach to attack!
You puncture the faun!
The faun is severely wounded.
You reach to attack!
You puncture the faun!
You kill the faun!
Okawaru accepts your kill.
No target in view!
Things that are here:
a +2 sling of freezing; a +0 quarterstaff
Things that are here:
a +1 sling of freezing; a +0 spear Your legs become a tail as you enter the water.
Your +0 pair of boots melds into your body.
Found a scroll of teleportation and a bloodstained ring mail.
Your +0 pair of boots unmelds from your body.
g - 8 scrolls of teleportation (gained 1)
A merfolk impaler comes into view. It is wielding a +0 trident.
The merfolk impaler shouts!
You hear a shout!
A merfolk comes into view. It is wielding a +0 spear.
The merfolk impaler moves out of view.
You see here the +3 ring mail "Daumis" {Harm}.
Your legs become a tail as you enter the water.
Your +0 pair of boots melds into your body.
A merfolk comes into view.
It is wielding a +0 spear and quivering silver boomerangs.
Your +0 pair of boots unmelds from your body.
You reach to attack!
The merfolk shouts!
You puncture the merfolk impaler! You drain the merfolk impaler.
The merfolk impaler is moderately wounded.
You block the merfolk impaler's attack.
You reach to attack!
You impale the merfolk impaler!! You drain the merfolk impaler.
The merfolk impaler is severely wounded.
You block the merfolk impaler's attack. x2
You reach to attack!
You puncture the merfolk impaler! You drain the merfolk impaler.
The merfolk impaler is almost dead.
You block the merfolk impaler's attack.
You reach to attack!
You hit the merfolk impaler. You drain the merfolk impaler.
The merfolk impaler is almost dead.
A water elemental comes into view.
You block the merfolk impaler's attack.
You reach to attack!
You puncture the merfolk impaler!
You kill the merfolk impaler!
Okawaru accepts your kill.
You reach to attack!
You impale the merfolk!!
The merfolk is moderately wounded.
A merfolk comes into view. It is wielding a +0 spear.
A satyr comes into view. It is wielding a +4 spear.
The merfolk moves out of view.
You reach to attack!
You closely miss the merfolk.
The merfolk is moderately wounded.
The satyr shouts!
You hear a shout! x2
The merfolk throws a silver boomerang.
The silver boomerang hits you!
You reach to attack!
You hit the merfolk but do no damage. You drain the merfolk.
The merfolk is moderately wounded.
You block the merfolk's attack.
You reach to attack!
You puncture the merfolk!
The merfolk is heavily wounded.
You block the merfolk's attack.
You reach to attack!
You closely miss the merfolk.
The merfolk is heavily wounded.
The satyr plays a frightful melody on his pipes!
The satyr radiates an aura of fear!
You are terrified of the satyr!
You reach to attack!
You completely miss the merfolk.
The merfolk is heavily wounded.
The merfolk throws a silver boomerang.
The silver boomerang barely misses you. You block the merfolk's attack.
You reach to attack!
You puncture the merfolk! You drain the merfolk.
The merfolk is almost dead.
A merfolk avatar comes into view.
You block the merfolk's attack.
You reach to attack!
You puncture the merfolk!
You kill the merfolk!
Okawaru accepts your kill.
The satyr unwields a +4 spear.
The satyr wields a +0 longbow.
The satyr shoots an arrow.
The arrow hits you!
The merfolk avatar chants a haunting song.
You are mesmerised by the merfolk avatar!
You break out of your daze!
You are no longer terrified.
You start resting.
A satyr is nearby!
You reach to attack!
You puncture the satyr!
The satyr is lightly wounded.
You reach to attack!
You barely miss the satyr.
The satyr is lightly wounded.
The satyr shoots an arrow.
You reflect the arrow off an invisible shield around you!
The arrow hits the satyr!!
You hear a shout!
A manticore comes into view.
The satyr plays a lulling melody on his pipes!
You struggle to resist.
You closely miss the satyr.
The satyr is heavily wounded.
The satyr plays a frightful melody on his pipes!
The satyr radiates an aura of fear!
You are terrified of the satyr!
A satyr comes into view. It is wielding a +0 spear.
You attempt to attack the satyr, but flinch away in fear!
The satyr shoots an arrow.
You reflect the arrow off an invisible shield around you!
The arrow barely misses the satyr.
You hit the satyr.
The satyr is heavily wounded.
You hit the satyr.
The satyr is heavily wounded.
The satyr shoots an arrow.
You reflect the arrow off an invisible shield around you!
The arrow hits the satyr!!!
You are no longer terrified.
You kill the satyr!
Okawaru accepts your kill.
You closely miss the water elemental. You block the water elemental's attack.
You puncture the water elemental!
The water elemental is moderately damaged.
The merfolk hits you but does no damage.
A faun comes into view. It is wielding a +0 spear.
A minotaur comes into view.
It is wielding a +4 vorpal flail and quivering silver javelins.
The faun shouts!
The minotaur bellows!
You puncture the water elemental!
The water elemental is severely damaged.
The water elemental closely misses you. The merfolk closely misses you.
You puncture the water elemental!
You destroy the water elemental!
Okawaru accepts your kill.
The satyr plays a rousing melody on his pipes!
The faun goes into a battle-frenzy!
You reach to attack!
You puncture the merfolk! You drain the merfolk.
The merfolk is moderately wounded.
The merfolk throws a boomerang.
The boomerang misses you.
The satyr plays a frightful melody on his pipes!
The satyr radiates an aura of fear!
You are terrified of the satyr!
You reach to attack!
You impale the merfolk!!
The merfolk is heavily wounded.
The drowned soul returns to the deep!
The merfolk throws a boomerang.
The boomerang hits you but does no damage.
You reach to attack!
You barely miss the merfolk.
The merfolk is heavily wounded.
You are no longer terrified.
The merfolk hits you from afar with a +0 spear.
The merfolk throws a boomerang.
The boomerang hits you.
You reach to attack!
You puncture the merfolk! You drain the merfolk.
The merfolk is severely wounded.
You reach to attack!
You hit the merfolk. You drain the merfolk.
The merfolk is almost dead.
You block the merfolk's attack.
The merfolk throws a boomerang.
You reflect the boomerang off an invisible shield around you!
The boomerang closely misses the merfolk.
You reach to attack!
You hit the merfolk.
The merfolk is almost dead.
The merfolk hits you from afar with a +0 spear!
You block the merfolk's attack. You block the merfolk's attack.
You puncture the merfolk! You drain the merfolk.
The merfolk is moderately wounded.
The merfolk closely misses you.
You closely miss the merfolk.
The merfolk is moderately wounded.
You block the merfolk's attack.
You hit the merfolk.
The merfolk is heavily wounded.
The merfolk hits you but does no damage.
The merfolk barely misses you.
You closely miss the merfolk.
The merfolk is heavily wounded.
You block the merfolk's attack.
The merfolk throws a boomerang.
The boomerang hits you but does no damage.
You completely miss the merfolk.
The merfolk is heavily wounded.
You block the satyr's attack.
You hit the merfolk.
The merfolk is heavily wounded.
The merfolk hits you but does no damage.
You block the merfolk's attack.
You hit the merfolk.
The merfolk is heavily wounded.
You block the satyr's attack. You block the merfolk's attack.
The merfolk hits you but does no damage.
You hit the merfolk.
The merfolk is severely wounded.
You block the satyr's attack. You block the merfolk's attack.
You hit the merfolk.
The merfolk is severely wounded.
You block the merfolk's attack.
The satyr plays a frightful melody on his pipes!
The satyr radiates an aura of fear!
You are terrified of the satyr!
You hit the merfolk.
The merfolk is severely wounded.
The merfolk hits you but does no damage. x2
You closely miss the merfolk.
The merfolk is severely wounded.
You block the satyr's attack. You block the merfolk's attack.
The merfolk hits you from afar with a +0 spear.
You impale the merfolk!!
You kill the merfolk!
Okawaru accepts your kill.
The satyr unwields a +0 spear.
The satyr wields a +0 longbow.
The satyr shoots an arrow.
The arrow hits you!
You reach to attack!
You hit the merfolk. You drain the merfolk.
You kill the merfolk!
Okawaru accepts your kill.
A merfolk comes into view. It is wielding a +0 trident.
You reach to attack!
You miss the satyr.
The satyr shoots an arrow.
The arrow hits you but does no damage.
The manticore flicks its tail.
The volley of spikes misses you.
You reach to attack!
You attempt to attack the satyr, but flinch away in fear!
The satyr shoots an arrow.
The arrow hits you!!
You reach to attack!
You closely miss the satyr.
You gain the combat prowess of a mighty hero.
The satyr shoots an arrow.
You reflect the arrow off an invisible shield around you!
The arrow hits the satyr!!
The manticore bites you but does no damage.
The manticore claws you.
The manticore claws you but does no damage.
You puncture the manticore! You drain the manticore.
The manticore is moderately wounded.
The satyr shoots an arrow.
The arrow hits you!!
The manticore bites you but does no damage.
The manticore claws you but does no damage.
You block the manticore's attack.
You are too injured to fight recklessly!
You are too injured to fight recklessly!
You are too injured to fight recklessly!
You are too injured to fight recklessly!
You puncture the manticore!
The manticore is heavily wounded.
The satyr plays a rousing melody on his pipes!
You puncture the manticore! You drain the manticore.
The manticore is severely wounded.
You block the manticore's attack. x3
You hit the manticore. You drain the manticore.
The manticore is almost dead.
The satyr shoots an arrow.
The arrow closely misses you. The manticore closely misses you.
You block the manticore's attack. The manticore claws you.
You puncture the manticore!
You kill the manticore!
Okawaru accepts your kill. The minotaur barely misses you.
You block the minotaur's attack.
You impale the minotaur!!
The minotaur is moderately wounded.
The merfolk avatar chants a haunting song.
You are mesmerised by the merfolk avatar!
You hit the minotaur but do no damage.
The minotaur is moderately wounded.
The pull of its song draws you forwards.
You impale the merfolk avatar!! You drain the merfolk avatar.
The merfolk avatar is moderately wounded.
The merfolk avatar chants its luring song.
The minotaur hits you with a +4 vorpal flail!
* * * LOW HITPOINT WARNING * * *
You block the minotaur's attack.
As you read the scroll of fear, it crumbles to dust.
You assume a fearsome visage.
The faun looks frightened!
The minotaur easily resists.
The satyr looks frightened!
The merfolk avatar resists with almost no effort.
You are no longer terrified.
The merfolk avatar chants its luring song.
You block the minotaur's attack. x2
You puncture the minotaur!
The minotaur is heavily wounded.
The merfolk avatar chants its luring song.
You puncture the minotaur!
The minotaur is severely wounded.
The minotaur hits you with a +4 vorpal flail!!
* * * LOW HITPOINT WARNING * * *
x2 The minotaur barely misses you.
The merfolk avatar chants its luring song.
You hit the minotaur but do no damage.
The minotaur is severely wounded.
The minotaur hits you with a +4 vorpal flail!
* * * LOW HITPOINT WARNING * * *
x2 You block the minotaur's attack.
You feel much better.
The merfolk avatar chants its luring song.
The minotaur hits you with a +4 vorpal flail!!
* * * LOW HITPOINT WARNING * * *
x2 You block the minotaur's attack.
You feel much better.
The merfolk avatar chants its luring song.
Cornered, the faun turns to fight!
You block the minotaur's attack.
The minotaur gores you but does no damage.
You hit the minotaur but do no damage. You drain the minotaur.
The minotaur is severely wounded.
The merfolk avatar chants its luring song.
The minotaur barely misses you. You block the minotaur's attack.
You barely miss the minotaur.
The minotaur is severely wounded.
The merfolk avatar chants its luring song.
You puncture the minotaur! You drain the minotaur.
The minotaur is almost dead.
The satyr seems to regain its courage.
The satyr plays a frightful melody on his pipes!
The satyr radiates an aura of fear!
You are terrified of the satyr!
You block the minotaur's attack.
The minotaur gores you but does no damage.
You completely miss the minotaur.
The minotaur is almost dead.
The merfolk avatar chants its luring song.
You block the minotaur's attack. The minotaur gores you.
The satyr shoots an arrow.
You reflect the arrow off an invisible shield around you!
The arrow closely misses the satyr.
You hit the minotaur.
The minotaur is almost dead.
The merfolk avatar chants its luring song.
You block the faun's attack.
You hit the minotaur.
The minotaur is almost dead.
The faun no longer looks unusually strong.
The satyr shoots an arrow.
The arrow closely misses you.
The minotaur hits you with a +4 vorpal flail!
* * * LOW HITPOINT WARNING * * *
x2 The minotaur gores you!
* * * LOW HITPOINT WARNING * * *
You feel much better.
The merfolk avatar chants its luring song.
The faun hits you from afar with a +0 spear.
The satyr shoots an arrow.
You reflect the arrow off an invisible shield around you!
The arrow completely misses the satyr.
The minotaur closely misses you. The minotaur gores you.
You barely miss the minotaur.
The minotaur furiously retaliates!
The minotaur headbutts you.
The minotaur is almost dead.
The merfolk avatar chants its luring song.
You block the faun's attack.
The satyr plays a lulling melody on his pipes!
You fall asleep.
The minotaur hits you with a +4 vorpal flail!!!
You wake up.
* * * LOW HITPOINT WARNING * * *
You die...

~~#.... .~. ~#~ ##~. ###....
....###.~ ...~~..#≈ #~#~..
#..#.#.# ~~~#.(.≈
~~~.~##...##.~~...# ~~~ c.#
~~~~~~#..~#.~..~..# ##~##.#
~~~~~~#...#......[# #.~#..#
##..###.~.###..##)###....##≈≈≈≈
#.~..##...##..c##m##.)...#≈≈≈≈≈≈
.~....#8.8#....H@.#.)##~[#≈≈≈≈≈≈≈
......#....~~...#.~..#~.#≈≈≈≈≈≈≈≈
.....................#.##≈≈≈≈≈≈≈≈
#~~...#.........#.~##).#≈≈≈≈≈≈≈≈≈
#.....#..c#....##.##...#≈≈≈≈≈≈≈≈≈
#######8.8#########....≈≈≈≈≈≈≈≈≈≈
###.#~~....~...#.#....#≈≈≈≈≈≈≈≈≈≈
~~~~~~.......~..~...#.≈≈≈≈≈≈≈≈≈≈≈
~.~......#.......~.##~≈≈≈≈†≈≈≈≈≈≈


You could see a merfolk avatar (mesmerising, drained), a minotaur (drained), a
satyr (scary) and a faun.

Vanquished Creatures
  A sphinx (Shoals:4)
  2 quicksilver oozes (IceCv)
  Nessos (Lair:3)
  2 dire elephants (Lair:5)
  7 merfolk impalers
  2 merfolk javelineers (Shoals:2)
  Harold (D:11)
  Fannar (Lair:3)
  A vault guard (D:14)
  3 boulder beetles
  4 two-headed ogres
  8 hydras
  2 centaur warriors
  2 satyrs (Shoals:4)
  2 death yaks (Lair:4)
  A spectral death yak (Lair:5)
  9 sea snakes
  A spectral anaconda (Lair:5)
  A shadow wraith (Shoals:1)
  An orange crystal statue (IceCv)
  A deep elf pyromancer (D:12)
  3 necromancers (Lair:5)
  8 harpies
  7 ugly things
  9 manticores
  12 fauns
  5 cyclopes
  2 dire elephant zombies (Lair:5)
  6 black mambas
  7 water nymphs
  2 apocalypse crabs (Shoals:3)
  4 merfolk sirens
  9 cane toads
  26 elephants
  Maggie (D:10)
  2 kobold demonologists
  2 unseen horrors
  A rime drake (Lair:5)
  3 komodo dragons
  A freezing wraith (D:12)
  2 burning bushes (Lair:3)
  4 trolls
  15 merfolk
  3 polar bears
  A polar bear (shapeshifter) (D:14)
  A tarantella (shapeshifter) (D:13)
  2 hornets (D:7)
  6 wind drakes
  23 slime creatures
  14 dream sheep
  15 blink frogs
  A snapping turtle (Shoals:1)
  4 shadows
  2 spectral elephants (Lair:5)
  2 wraiths
  4 water elementals
  5 wyverns
  30 yaks
  A steam dragon (D:8)
  A death yak simulacrum (Lair:5)
  3 basilisks
  2 spectral cane toads (Lair:5)
  4 nagas (Lair:3)
  2 acid dragons
  25 water moccasins
  A sky beast (D:7)
  5 orc warriors
  3 great orb of eyes simulacra (IceCv)
  2 elephant zombies (Lair:5)
  2 black bears
  4 ogres
  4 boggarts
  6 centaurs
  18 wolves
  5 slime creature simulacra (IceCv)
  5 kobold brigands
  3 phantoms
  A gnoll sergeant (D:10)
  11 bullfrogs
  4 glowing shapeshifter simulacra (IceCv)
  5 scorpions
  2 cane toad simulacra (Lair:5)
  13 wights
  2 elephant simulacra (Lair:5)
  6 killer bees (D:9)
  4 howler monkeys
  3 jellies
  3 orc priests
  2 gnoll boudas
  3 hounds
  3 iguanas
  8 orc wizards
  6 ogre zombies (D:11)
  3 mummies (Ossuary)
  12 gnolls
  6 adders
  2 white imps
  2 ufetubi
  An adder zombie (Ossuary)
  6 dart slugs
  28 orcs
  4 endoplasms
  8 giant cockroaches
  3 goblins
  10 hobgoblins
  18 kobolds
  6 quokkas
  10 ball pythons
  6 bats
  6 frilled lizards
  A gnoll zombie (Ossuary)
  A goblin skeleton (D:11)
  8 goblin zombies
  3 hobgoblin zombies
  2 kobold zombies (Ossuary)
  12 orc zombies (D:11)
  5 quokka zombies (Ossuary)
  6 rats
  4 rat zombies (Ossuary)
642 creatures vanquished.

Vanquished Creatures (collateral kills)
  An adder (D:4)
  2 ball pythons
  An endoplasm (D:1)
  2 giant cockroaches (Sewer)
  A goblin (D:3)
  A hobgoblin (D:1)
  A frilled lizard (Sewer)
9 creatures vanquished.

Vanquished Creatures (others)
  A centaur (Lair:2)
  33 fungi
  85 plants
  17 withered plants (Lair:5)
136 creatures vanquished.

Grand Total: 787 creatures vanquished

Notes
Turn   | Place    | Note
-------+----------+-------------------------------------------
     0 | D:1      | sleeves the Merfolk Necromancer began the quest for the
                  | Orb.
     0 | D:1      | Reached XP level 1. HP: 13/13 MP: 3/3
   291 | D:1      | Reached XP level 2. HP: 19/19 MP: 0/5
   683 | D:1      | Reached skill level 4 in Necromancy
   818 | D:1      | Found a faded altar of an unknown god.
   822 | D:1      | Reached XP level 3. HP: 24/24 MP: 2/6
  1393 | D:2      | Learned a level 3 spell: Vampiric Draining
  2061 | D:3      | Found a glowing drain.
  2081 | Sewer    | Entered a sewer
  2159 | Sewer    | Reached XP level 4. HP: 30/30 MP: 5/7
  2390 | Sewer    | Noticed a bullfrog
  2405 | Sewer    | Noticed a bullfrog
  2429 | Sewer    | HP: 14/30 [bullfrog (8)]
  2431 | Sewer    | Killed a bullfrog
  2432 | Sewer    | Reached skill level 5 in Necromancy
  2432 | Sewer    | Reached XP level 5. HP: 17/35 MP: 2/8
  2723 | D:3      | Identified the ring "Tulal" {rC+ rN+ Str+3}
  2897 | D:3      | Noticed a kobold brigand
  2898 | D:3      | Noticed a kobold brigand
  2905 | D:3      | Reached XP level 6. HP: 39/41 MP: 6/9
  3148 | D:3      | Reached skill level 1 in Shields
  3148 | D:3      | Reached skill level 6 in Necromancy
  3184 | D:3      | Reached skill level 2 in Shields
  4027 | D:3      | Identified the ring of Darkness {rN+ MP+9 Str-3 Slay+2
                  | Stlth+}
  4139 | D:4      | Reached XP level 7. HP: 46/46 MP: 10/10
  4303 | D:4      | Reached skill level 1 in Polearms
  4560 | D:4      | Reached skill level 3 in Shields
  4740 | D:4      | Reached skill level 2 in Polearms
  4960 | D:4      | HP: 20/46 [ogre/+0 giant club (26)]
  5210 | D:4      | Reached skill level 3 in Polearms
  5469 | D:5      | Entered Level 5 of the Dungeon
  5490 | D:5      | Found a staircase to the Ecumenical Temple.
  5760 | Temple   | Entered the Ecumenical Temple
  5989 | Temple   | Became a worshipper of Warmaster Okawaru
  6048 | D:5      | Reached XP level 8. HP: 44/52 MP: 11/11
  6095 | D:5      | Reached skill level 4 in Shields
  6095 | D:5      | Reached skill level 1 in Invocations
  6139 | D:5      | Reached skill level 4 in Polearms
  6139 | D:5      | Reached skill level 7 in Necromancy
  6161 | D:5      | Reached skill level 2 in Invocations
  6519 | D:5      | Identified the +0 leather armour of Hihagin {rC++}
  6596 | D:5      | Reached * piety under Okawaru
  6804 | D:5      | Reached skill level 5 in Polearms
  6804 | D:5      | Reached skill level 5 in Shields
  6804 | D:5      | Reached skill level 3 in Invocations
  7006 | D:5      | Found a shimmering blue altar of Sif Muna.
  7178 | D:6      | Found a sacrificial altar of Ru.
  7379 | D:6      | Reached skill level 6 in Polearms
  7379 | D:6      | Reached skill level 4 in Invocations
  7490 | D:6      | Reached skill level 3 in Dodging
  7490 | D:6      | Reached XP level 9. HP: 56/58 MP: 12/12
  7494 | D:6      | Reached skill level 1 in Fighting
  8095 | D:6      | Reached ** piety under Okawaru
  8096 | D:6      | Reached skill level 2 in Fighting
  8096 | D:6      | Reached skill level 4 in Dodging
  8287 | D:6      | Noticed a deep elf pyromancer
  8351 | D:7      | Found a sand-covered staircase.
  8402 | D:7      | Found Tosmi's Assorted Antiques.
  8443 | Ossuary  | Entered an ossuary
  8454 | Ossuary  | Reached skill level 5 in Invocations
  8665 | Ossuary  | Reached skill level 7 in Polearms
  8948 | D:7      | Noticed a hornet
  9047 | D:7      | Reached skill level 3 in Fighting
  9146 | D:7      | Noticed a hornet
  9207 | D:7      | Found a basalt altar of Yredelemnul.
  9207 | D:7      | Found a blossoming altar of Fedhas.
  9207 | D:7      | Found a white marble altar of Elyvilon.
  9262 | D:7      | Found an ornate altar of the Wu Jian Council.
  9262 | D:7      | Found a broken altar of Ashenzari.
  9264 | D:7      | Found a hazy altar of Hepliaklqana.
  9265 | D:7      | Found a snail-covered altar of Cheibriados.
  9385 | D:7      | Reached skill level 5 in Dodging
  9531 | D:7      | Found a bloodstained altar of Trog.
  9706 | D:7      | HP: 32/65 [poisoned by a water moccasin]
  9711 | D:7      | HP: 27/65 [poisoned by a water moccasin]
 10102 | D:7      | Killed a hornet
 10103 | D:7      | Reached skill level 4 in Fighting
 10103 | D:7      | Reached skill level 8 in Polearms
 10103 | D:7      | Reached skill level 6 in Invocations
 10219 | D:7      | Found a shimmering altar of Xom.
 10337 | D:7      | Paralysed by a hornet for 3 turns
 10340 | D:7      | HP: 30/65 [hornet (14)]
 10345 | D:7      | Killed a hornet
 10345 | D:7      | Reached *** piety under Okawaru
 10345 | D:7      | HP: 28/65 [poisoned by a hornet]
 10346 | D:7      | Reached skill level 6 in Dodging
 10346 | D:7      | Reached XP level 10. HP: 31/73 MP: 4/14
 10746 | D:8      | Noticed Gastronok
 11147 | D:8      | Reached skill level 5 in Fighting
 11484 | D:9      | Reached **** piety under Okawaru
 11485 | D:9      | Reached skill level 9 in Polearms
 11485 | D:9      | Reached skill level 7 in Dodging
 11594 | D:9      | Reached skill level 7 in Invocations
 12003 | D:9      | HP: 34/73 [wyvern (15)]
 12222 | D:9      | Noticed a kobold demonologist
 12301 | D:10     | Entered Level 10 of the Dungeon
 12540 | D:10     | Noticed Maggie
 12558 | D:10     | HP: 24/76 [Maggie/bolt of fire (24)]
 12564 | D:10     | HP: 27/76 [Maggie/+2 glaive of flaming (7)]
 12568 | D:10     | Killed Maggie
 12587 | D:10     | HP: 33/76 [something (4)]
 12592 | D:10     | HP: 32/76 [something (2)]
 12595 | D:10     | Reached skill level 6 in Fighting
 12996 | D:10     | Killed an unseen horror
 12997 | D:10     | Reached skill level 8 in Dodging
 13109 | D:10     | Found a staircase to the Lair.
 13121 | D:10     | Identified the ring of Qaost {Fly rPois Will- Int+4 Dex+6}
 13128 | D:10     | Noticed a two-headed ogre
 13321 | D:11     | Noticed Harold
 13354 | D:11     | Reached skill level 10 in Polearms
 13384 | D:11     | Noticed a six-headed hydra
 13655 | D:10     | Found a transporter.
 13670 | D:11     | Noticed a two-headed ogre
 13704 | D:10     | Got Vehumet's Disquisition on Incendiary Confrontation
 13765 | D:10     | Reached XP level 11. HP: 79/80 MP: 16/16
 14525 | D:9      | Noticed a soul eater
 14528 | D:9      | Reached ***** piety under Okawaru
 14529 | D:9      | Reached skill level 11 in Polearms
 14572 | D:10     | Found a transporter.
 14620 | D:10     | HP: 36/81 [two-headed ogre/+0 giant club (29)]
 14622 | D:10     | Killed a two-headed ogre
 14822 | D:10     | Reached skill level 8 in Necromancy
 15026 | Lair:1   | Entered Level 1 of the Lair of Beasts
 15240 | Lair:1   | Learned a level 5 spell: Agony
 15242 | Lair:1   | Identified the +1 helmet of Oliececs {god gift, Contam rC+
                  | Regen+ Str+3} (Okawaru gifted it to you on level 1 of the
                  | Lair of Beasts)
 15242 | Lair:1   | Received a gift from Okawaru
 15376 | Lair:1   | Reached skill level 12 in Polearms
 15385 | Lair:1   | HP: 39/81 [elephant (7)]
 15396 | Lair:1   | HP: 37/81 [elephant (7)]
 15674 | Lair:1   | Reached skill level 9 in Necromancy
 15681 | Lair:1   | Reached skill level 13 in Polearms
 15751 | Lair:1   | HP: 24/81 [komodo dragon (22)]
 15910 | Lair:1   | Reached XP level 12. HP: 88/88 MP: 17/17
 16098 | Lair:2   | Found a staircase to the Shoals.
 16193 | Lair:2   | You are sucked into a shaft and drop 1 floor!
 16195 | Lair:3   | Noticed Nessos
 16223 | Lair:2   | Noticed a five-headed hydra
 16250 | Lair:1   | HP: 43/88 [wolf (6)]
 16318 | D:11     | Killed a three-headed hydra
 16319 | D:11     | Reached skill level 14 in Polearms
 16362 | D:11     | Found a staircase to the Orcish Mines.
 16439 | D:11     | Killed Harold
 16440 | D:11     | Reached skill level 10 in Necromancy
 16781 | D:11     | Noticed a boulder beetle
 16818 | D:11     | Received a gift from Okawaru
 16829 | D:11     | Killed a boulder beetle
 16953 | D:11     | Noticed Erolcha
 17054 | D:11     | Killed a two-headed ogre
 17055 | D:11     | Reached skill level 3 in Stealth
 17258 | D:11     | Found a portal to a secret trove of treasure.
 17410 | D:11     | Found a runed translucent door.
 17410 | D:11     | Noticed hilljack's ghost (journeyman GrEE)
 17411 | D:11     | Identified the +12 spear "Lurexteun" {vorpal, Will+++}
 17464 | Orc:1    | Entered Level 1 of the Orcish Mines
 17465 | Orc:1    | Noticed an orc warlord
 17613 | D:12     | Noticed a two-headed ogre
 17707 | D:12     | Killed a two-headed ogre
 17801 | D:12     | Reached skill level 4 in Stealth
 17801 | D:12     | Reached skill level 11 in Necromancy
 18227 | D:12     | Reached skill level 5 in Stealth
 18326 | D:12     | Noticed a boulder beetle
 18341 | D:12     | Killed a boulder beetle
 18437 | D:12     | Received a gift from Okawaru
 18438 | D:12     | Reached skill level 6 in Stealth
 18446 | D:12     | Identified a scroll of acquirement
 18454 | D:12     | Acquired the +0 pair of gloves of Asocatec {rElec rC++
                  | Str-4 SInv}
 18467 | D:12     | Noticed a storm dragon
 18486 | D:13     | Noticed a boulder beetle
 18493 | D:13     | Noticed a six-headed hydra
 18547 | D:12     | Killed a boulder beetle
 18586 | D:13     | Reached XP level 13. HP: 91/93 MP: 18/18
 18603 | D:13     | Reached skill level 7 in Stealth
 18692 | D:13     | Found a transporter.
 18932 | D:13     | Reached skill level 1 in Armour
 18939 | D:13     | Identified the +1 ring mail of Terror {Regen+ Slay+2}
 19156 | D:13     | Reached ****** piety under Okawaru
 19326 | D:13     | Found the +3 warlock's mirror {reflect}
 19343 | D:13     | Found a transporter.
 19344 | D:13     | Noticed Ugon's ghost (journeyman DECj)
 19393 | D:13     | Reached skill level 7 in Fighting
 19642 | D:14     | Reached skill level 8 in Stealth
 19649 | D:14     | Identified the +1 helmet "Biwuysk" {god gift, Contam rElec
                  | rF- rN+++} (Okawaru gifted it to you on level 14 of the
                  | Dungeon)
 19649 | D:14     | Received a gift from Okawaru
 19656 | D:14     | Reached skill level 2 in Armour
 19656 | D:14     | Reached skill level 12 in Necromancy
 19763 | D:14     | Found a gate to the Vaults.
 19763 | D:14     | Noticed a vault guard
 19763 | D:14     | Noticed a vault guard
 19763 | D:14     | Noticed a vault guard
 19763 | D:14     | Noticed a vault guard
 19799 | D:14     | Killed a vault guard
 20345 | Lair:2   | HP: 46/98 [three-headed hydra (11)]
 20358 | Lair:2   | HP: 49/98 [blink frog (7)]
 20360 | Lair:2   | Reached skill level 3 in Armour
 20364 | Lair:2   | HP: 44/98 [blink frog (7)]
 20485 | Lair:2   | Reached skill level 8 in Fighting
 20485 | Lair:2   | Reached skill level 15 in Polearms
 20508 | Lair:2   | Reached skill level 9 in Stealth
 21204 | Lair:2   | HP: 46/98 [yak (11)]
 21213 | Lair:2   | Reached XP level 14. HP: 68/106 MP: 1/19
 21366 | Lair:3   | Noticed Fannar
 21419 | Lair:3   | Killed Fannar
 21568 | Lair:3   | Found a staircase to the Snake Pit.
 21625 | Lair:3   | HP: 51/106 [constriction (8)]
 21632 | Lair:3   | Killed Nessos
 21633 | Lair:3   | Reached skill level 4 in Armour
 21762 | Lair:3   | Noticed Rupert
 21885 | Lair:3   | Received a gift from Okawaru
 22130 | Lair:3   | Reached skill level 9 in Fighting
 22130 | Lair:3   | Reached skill level 10 in Stealth
 22385 | Lair:4   | Found a dark tunnel.
 22395 | Volcano  | Entered a volcano
 22645 | Lair:4   | Reached skill level 16 in Polearms
 22902 | Lair:5   | Entered Level 5 of the Lair of Beasts
 23039 | Lair:5   | Found a staircase to the Slime Pits.
 23231 | Lair:5   | Reached skill level 5 in Armour
 23321 | Lair:5   | Reached skill level 10 in Fighting
 23321 | Lair:5   | Reached skill level 11 in Stealth
 23329 | Lair:5   | Reached skill level 6 in Shields
 23365 | Lair:5   | Identified the +6 great mace "Hypuan" {vorpal, *Noise rC+
                  | Int+6}
 23641 | Lair:5   | Noticed a dire elephant
 23651 | Lair:5   | Noticed a dire elephant
 23743 | Lair:5   | Identified the +0 chain mail of the Sky {god gift, rElec
                  | rPois Str+7 Dex-2} (Okawaru gifted it to you on level 5 of
                  | the Lair of Beasts)
 23743 | Lair:5   | Received a gift from Okawaru
 23751 | Lair:5   | HP: 35/110 [??? (33)]
 23872 | Lair:5   | Reached skill level 7 in Shields
 23898 | Lair:5   | Reached XP level 15. HP: 63/115 MP: 20/20
 23941 | Lair:5   | Reached skill level 12 in Stealth
 24318 | Lair:5   | Learned a level 4 spell: Passage of Golubria
 24525 | Shoals:1 | Entered Level 1 of the Shoals
 24608 | Shoals:1 | Noticed a kraken
 24648 | Shoals:1 | Reached skill level 8 in Shields
 24689 | Shoals:1 | Reached skill level 8 in Invocations
 24914 | Shoals:1 | Reached skill level 13 in Stealth
 25027 | Shoals:1 | HP: 57/115 [poisoned by a merfolk impaler]
 25032 | Shoals:1 | HP: 50/115 [poisoned by a merfolk impaler]
 25037 | Shoals:1 | HP: 52/115 [poisoned by a merfolk impaler]
 25575 | Shoals:1 | Reached skill level 9 in Invocations
 25612 | Shoals:2 | Reached skill level 9 in Shields
 25668 | Shoals:2 | Received a gift from Okawaru
 25727 | Shoals:2 | Found a frozen archway.
 25762 | IceCv    | Entered an ice cave
 26202 | IceCv    | Noticed an azure jelly
 26219 | IceCv    | Got Mehirod's Incunable of Frostbite
 26401 | IceCv    | Reached skill level 10 in Invocations
 26703 | IceCv    | Noticed an azure jelly
 26766 | IceCv    | Learned a level 1 spell: Apportation
 26984 | Shoals:2 | Reached skill level 10 in Shields
 26984 | Shoals:2 | Reached skill level 1 in Translocations
 27459 | Shoals:3 | Received a gift from Okawaru
 27492 | Shoals:3 | Found a runed translucent door.
 27498 | Shoals:3 | Found a corrupted altar of Lugonu.
 27498 | Shoals:3 | Found a one-way gate to the infinite horrors of the Abyss.
 27538 | Shoals:3 | Found Ebatruh's Magic Scroll Shoppe.
 27538 | Shoals:3 | Identified the ring "Obukhlun" {*Corrode rPois MP+9 Str+3
                  | Dex+3}
 27547 | Shoals:3 | Bought a scroll of enchant weapon for 150 gold pieces
 27547 | Shoals:3 | Bought 3 scrolls of enchant weapon for 450 gold pieces
 27547 | Shoals:3 | Bought a scroll of teleportation for 60 gold pieces
 27579 | Shoals:3 | Reached skill level 2 in Translocations
 27650 | Shoals:3 | Reached XP level 16. HP: 122/122 MP: 23/23
 27672 | Shoals:3 | Identified the +1 hat of Qafeegon {god gift, rF- rC+++
                  | Dex+6 Stlth+} (Okawaru gifted it to you on level 3 of the
                  | Shoals)
 27672 | Shoals:3 | Received a gift from Okawaru
 27783 | Shoals:3 | HP: 56/122 [merfolk impaler/+1 trident of venom (7)]
 27788 | Shoals:3 | HP: 55/122 [poisoned by a merfolk impaler]
 27793 | Shoals:3 | HP: 60/122 [poisoned by a merfolk impaler]
 28467 | Shoals:4 | Entered Level 4 of the Shoals
 28476 | Shoals:4 | Reached skill level 3 in Translocations
 28549 | Shoals:4 | HP: 58/122 [manticore (10)]
 28614 | Shoals:4 | Reached skill level 11 in Invocations
 28626 | Shoals:4 | Noticed a sphinx
 28642 | Shoals:4 | Killed a sphinx
 28787 | Shoals:4 | Reached skill level 11 in Shields
 28814 | Shoals:4 | Reached skill level 4 in Translocations
 28849 | Shoals:4 | Identified the +3 ring mail "Daumis" {Harm}
 28916 | Shoals:4 | HP: 57/122 [minotaur/+4 vorpal flail (6)]
 28921 | Shoals:4 | HP: 46/122 [minotaur/+4 vorpal flail (18)]
 28928 | Shoals:4 | HP: 61/122 [minotaur/+4 vorpal flail (13)]
 28930 | Shoals:4 | HP: 9/122 [minotaur/+4 vorpal flail (59)]
 28930 | Shoals:4 | Mangled by a minotaur

Illustrated notes

Levels and vault maps discovered:
D:1:      minmay_arrival_three_doors, layout_basic,
          ebering_ecumenical_altar_sacrificial, minmay_hedge_maze,
          hex_intersection, minmay_misc_feat_chi
D:2:      layout_loops_ring
D:3:      cheibrodos_thug_alley, layout_basic, portal_sewer_entry_f,
          serial_bayou_pond_c, grunt_decor_one_mirror
D:4:      layout_cave_pools
D:5:      layout_rooms, marbit_many_paths, temple_statues
D:6:      layout_basic, amcnicky_altar_gilded, st_stairs_1, grunt_ministairs_9,
          guppyfry_early_elven_hall
D:7:      layout_loops_ring, tgw_xom, grunt_temple_overflow_open,
          mainiacjoe_overflow_surrounded_room,
          lightli_ossuary_entry_decrepit_ruins, serial_shops, shop,
          minmay_misc_feat_iff
D:8:      layout_loops_ring, kiku_gazebo_pond_becter, uniq_gastronok
D:9:      layout_roguey, onia_ninara_dug_in_and_dangerous
D:10:     layout_long_grid, grunt_lair_entry_orc_guard_hut,
          nicolae_diode_stairs, uniq_maggie
D:11:     layout_gridville, zombieorc1_lemuel, trove_entry_hex_spiral,
          ebering_ghost_funeral_grove, kennysheep_another_room, uniq_harold,
          uniq_erolcha
D:12:     layout_basic, minmay_evil_grid
D:13:     layout_rooms, nzn_ghost_randoct
D:14:     layout_loops_ring, lightli_vaults_fourway_checkpoint,
          nicolae_lava_and_water
Temple:   dpeg_chambers_temple
Lair:1:   layout_loops_ring
Lair:2:   layout_loops_ring, minmay_shoals_entry_centaurs, lemuel_fruit_tree
Lair:3:   layout_cave_pods, minmay_snake_entry_guardpost_medium, evilmike_ambush
          [evilmike_ambush_outer_corners, evilmike_ambush_inner_basic],
          uniq_fannar, uniq_rupert, uniq_nessos
Lair:4:   layout_cave_shapes, nicolae_volcano_entry_hallway, beast_lair_carwin_4
Lair:5:   due_jungle_book, layout_misc_corridors, slime_entry_1,
          dpeg_stationary_puzzle
Shoals:1: layout_shoals, nicolae_shoals_hidden_pirate_stash
Shoals:2: layout_shoals, portal_ice_cave_entry_pillars_2
Shoals:3: layout_shoals, serial_shops, nicolae_diamond_shop,
          nicolae_shoals_abyss_on_the_beach
Shoals:4: shoals_end_hellmonk_lost_city
Orc:1:    layout_caves

Skill      XL: |  1  2  3  4  5  6  7  8  9 10 11 12 13 14 15 16 |
---------------+-------------------------------------------------+-----
Necromancy     | 4 5 6 7 9 11 12 | 12.0
Shields        | 2 3 5 7 10 11 | 11.2
Polearms       | 3 6 8 10 13 14 15 16 | 16.0
Invocations    | 4 6 7 10 11 | 11.5
Dodging        | 3 6 8 |  8.1
Fighting       | 4 6 8 10 | 10.0
Stealth        | 6 9 11 13 | 13.0
Armour         | 3 5 |  5.0
Translocations | 2 4 |  4.3
Spellcasting   | |  2.0

Action                   |  1- 3 |  4- 6 |  7- 9 | 10-12 | 13-15 | 16-18 || total
-------------------------+-------+-------+-------+-------+-------+-------++-------
Melee: Short sword       |    48 |    16 |       |       |       |       ||    64
       Tailslap          |     2 |     3 |       |       |    20 |    15 ||    40
       Dagger            |       |    39 |   170 |   187 |       |       ||   396
       Trident           |       |       |     4 |    25 |       |       ||    29
       Glaive            |       |       |       |   400 |   590 |       ||   990
       Demon trident     |       |       |       |       |   943 |   255 ||  1198
Throw: Dart              |       |       |    18 |     1 |    28 |     2 ||    49
 Cast: Necrotise         |    57 |    66 |   167 |    60 |       |       ||   350
       Vampiric Draining |       |     2 |    21 |    44 |    19 |       ||    86
       Agony             |       |       |       |    13 |    11 |       ||    24
Invok: Heroism           |       |       |     1 |     8 |     8 |     3 ||    20
  Use: Scroll            |       |       |       |    17 |    10 |     1 ||    28
       Potion            |       |       |       |     1 |     2 |     3 ||     6
 Stab: Sleeping          |     2 |     2 |     9 |    18 |    32 |     9 ||    72
       Distracted        |       |     1 |       |     1 |     1 |       ||     3
       Held in net/web   |       |       |       |       |     1 |       ||     1
Armor: Robe              |    12 |    14 |     4 |       |       |       ||    30
       Leather armour    |       |       |    49 |    66 |       |       ||   115
       Acid dragon scale |       |       |       |   142 |    17 |       ||   159
       Ring mail         |       |       |       |       |   366 |    45 ||   411
Dodge: Dodged            |    28 |    42 |    85 |   489 |   561 |    47 ||  1252
Block: Buckler           |     2 |    25 |    52 |    53 |       |       ||   132
       Other             |       |       |       |    58 |   134 |       ||   192
       Reflection        |       |       |       |     3 |    41 |    14 ||    58
       Kite shield       |       |       |       |       |   573 |   146 ||   719
